 Dungeon Crawl Stone Soup version 0.25-a0-62-g88673ef095 (webtiles) character file.

Game seed: 2685769224992265764, levelgen mode: deterministic

52 iamserjio the Skirmisher (level 3, 0/27 HPs)
             Began as an Octopode Abyssal Knight on Nov 1, 2019.
             Was a Believer of Lugonu.
             Slain by a goblin
             ... wielding a +0 club
             ... led by Robin
              (5 damage)
             ... on level 2 of the Dungeon.
             The game lasted 00:01:14 (1168 turns).

iamserjio the Skirmisher (Octopode Abyssal Knight)  Turns: 1168, Time: 00:01:15

Health: 0/27       AC:  1    Str: 11    XL:     3   Next: 85%
Magic:  4/4        EV: 14    Int: 14    God:    Lugonu [**....]
Gold:   85         SH:  0    Dex: 12    Spells: 2/2 levels left

rFire    . . .     SeeInvis .   a - +1 short sword
rCold    . . .     Gourm    .   (no shield)
rNeg     . . .     Faith    .   (helmet restricted)
rPois    .         Spirit   .   (no amulet)
rElec    .         Reflect  .   (no ring)
rCorr    .         Harm     .   (no ring)
MR       .....                  (no ring)
Stlth    ++........             (no ring)
HPRegen  0.09/turn              (no ring)
MPRegen  0.09/turn              (no ring)
                                (no ring)
                                (no ring)

@: no status effects
A: almost no armour, stealthy swim, amphibious, 8 rings, constrict 8, camouflage
1, gelatinous body 1
a: Depart the Abyss, Bend Space, Renounce Religion


You were on level 2 of the Dungeon.
You worshipped Lugonu.
Lugonu was pleased with you.
You were not hungry.

You visited 1 branch of the dungeon, and saw 2 of its levels.
You visited the Abyss 1 time.

You collected 85 gold pieces.

Inventory:

Hand Weapons
 a - a +1 short sword (weapon)
Jewellery
 i - an uncursed amulet of rage {unknown}
Scrolls
 f - a scroll of identify {unknown}
 k - 2 scrolls of magic mapping {unknown}
 l - a scroll of teleportation {unknown}
Potions
 d - a potion of brilliance {unknown}
 e - 2 potions of agility {unknown}
 g - a potion of heal wounds {unknown}
 h - 2 potions of degeneration {unknown}
 j - a potion of curing {unknown}
Comestibles
 b - 4 rations
 c - 3 chunks of flesh


   Skills:
 * Level 3.7 Fighting
 - Level 2.0 Short Blades
 * Level 3.2 Dodging
 + Level 2.6 Invocations


You had 2 spell levels left.
You didn't know any spells.
Your spell library was empty.

Dungeon Overview and Level Annotations

Branches:
Dungeon (2/15)

Altars:


Innate Abilities, Weirdness & Mutations

You cannot wear most types of armour.
You are very stealthy in the water. (Stealth+)
You are amphibious.
You can wear up to eight rings at the same time.
You can use your tentacles to constrict eight enemies at once.
Your skin changes colour to match your surroundings (Stealth+).
Your rubbery body absorbs attacks. (AC +1, EV +1)


Message History

The goblin completely misses you.
You completely miss the goblin. You grab the goblin. You squeeze the goblin.
You kill the goblin!
The goblin closely misses you. The hobgoblin closely misses you.
The goblin hits you with a +0 club.
You barely miss the goblin. Your grab misses the goblin. The goblin hits you.
The goblin closely misses you. The hobgoblin barely misses you.
You puncture the goblin!
You kill the goblin!
The goblin barely misses you. The goblin closely misses you.
The hobgoblin hits you.
You hit the goblin. Your grab misses the goblin. The goblin closely misses you.
The goblin hits you with a +0 club.
* * * LOW HITPOINT WARNING * * *
The goblin closely misses you. The hobgoblin hits you.
* * * LOW HITPOINT WARNING * * *
You hit the goblin.
You kill the goblin!
The goblin misses you. The goblin hits you with a +0 club.
You die...

#.##.#.####.#
#.##.#......#
#.##.##.....#
#.##.##.....#
#.##.##.....####
#. #.#
+......... ..
#.# #.....####
#.#####.#
#.....####
#.#.g@#.#
#...))...#
##...gg).#
##.......#
#.....)..#
#...รท...#
###......#
#.......#
#......#
+.).....#
#......# +#
#.......#
##..##.##.#
#(......#
##.##....#
#.......#
###..#....#
#.......#


You could see a hobgoblin and 2 goblins.

Vanquished Creatures
  Robin (D:1)
  An ooze (D:2)
  A worm (D:2)
  A dart slug (D:1)
  4 hobgoblins
  A bat (D:1)
  A frilled lizard (D:1)
  13 goblins
  4 kobolds
  5 rats
32 creatures vanquished.

Notes
Turn   | Place    | Note
-------+----------+-------------------------------------------
     0 | Abyss:1  | iamserjio the Octopode Abyssal Knight began the quest for
                  | the Orb.
     0 | Abyss:1  | Reached XP level 1. HP: 16/16 MP: 2/2
    19 | D:1      | Escaped the Abyss
   203 | D:1      | Reached XP level 2. HP: 9/21 MP: 3/3
   989 | D:2      | Reached XP level 3. HP: 21/26 MP: 4/4
  1077 | D:2      | Noticed Robin
  1101 | D:2      | Reached ** piety under Lugonu
  1129 | D:1      | Killed Robin
  1168 | D:2      | Slain by a goblin

Levels and vault maps discovered:
D:1:      minmay_arrival_semitransparent, layout_basic, minmay_misc_feat_roman
D:2:      layout_basic, uniq_robin

Skill      XL: |  1  2 |
---------------+-------+-----
Dodging        | 3 |  3.2
Fighting       | |  3.7
Short Blades   | |  2.0
Invocations    | |  2.6

Action                   || total
-------------------------++-------
Melee: Short sword       ||    60
       Constrict         ||    11
       Tentacles         ||     6
 Stab: Sleeping          ||     4
  Eat: Chunk             ||     1
Armor: Skin              ||     6
Dodge: Dodged            ||    50

Table legend:
 A = Non-vault XP
 B = Vault XP
 C = Vault XP percentage of total XP
 D = Non-vault monster count
 E = Vault monster count
 F = Vault count percentage of total count
                 A         B        C        D         E       F
            +---------+---------+-------+---------+---------+-------
      Total |      43 |      32 |  42.7 |      22 |      10 |  31.2
            +---------+---------+-------+---------+---------+-------
        D:1 |      22 |      15 |  40.5 |      15 |       1 |   6.2
        D:2 |      21 |      17 |  44.7 |       7 |       9 |  56.2
            +---------+---------+-------+---------+---------+-------
